 Dungeon Crawl Stone Soup version 0.30-a0-739-gea05faddec (webtiles) character file.

Game seed: 737843926409982092

4277 bande the Cleaver (level 10, -8/60 HPs)
             Began as a Gargoyle Fighter on Feb 5, 2023.
             Was a Follower of Okawaru.
             Mangled by a two-headed ogre
             ... wielding a +0 giant club
              (18 damage)
             ... on level 7 of the Dungeon.
             The game lasted 00:13:09 (9038 turns).

bande the Cleaver (Gargoyle Fighter)                Turns: 9038, Time: 00:13:10

Health: -8/60      AC: 25    Str: 20    XL:     10   Next: 31%
Magic:  11/11      EV:  3    Int:  9    God:    Okawaru [*.....]
Gold:   401        SH: 16    Dex: 13    Spells: 8/9 levels left

rFire   + . .      SeeInvis .    a - +1 war axe (vamp)
rCold   . . .      Faith    +    k - +1 tower shield
rNeg    + . .      Spirit   .    r - +0 plate armour
rPois   ∞          Reflect  .    (no helmet)
rElec   +          Harm     .    p - +0 cloak
rCorr   +          Rampage  .    m - +1 pair of gloves of Objectivity {rCorr}
Will    +....                    g - +0 pair of boots Stlth
                                 q - amulet of faith
HPRegen 0.30/turn                e - ring of protection from fire
MPRegen 0.12/turn                s - ring of willpower

@: no status effects
A: sickness immunity, AC +7, negative energy resistance 1, electricity
resistance, torment resistance 1, petrification resistance
a: Renounce Religion, Heroism


You were on level 7 of the Dungeon.
You worshipped Okawaru.
Okawaru was aware of your devotion.
You visited 2 branches of the dungeon, and saw 8 of its levels.

You collected 401 gold pieces.

Inventory:

Hand Weapons
 a - a +1 vampiric war axe (weapon)
 h - a +0 flail
 A - a +3 war axe
Armour
 g - a +0 pair of boots (worn)
 k - a +1 tower shield (worn)
 m - the +1 pair of gloves of Objectivity (worn) {rCorr}
   (You found it on level 2 of the Dungeon)

   rCorr:     It protects you from acid and corrosion.
 p - a +0 cloak (worn)
 r - a +0 plate armour (worn)
Jewellery
 b - a ring of ice
 e - a ring of protection from fire (left hand)
 i - a ring of resist corrosion
 q - an amulet of faith (around neck)
 s - a ring of willpower (right hand)
Wands
 j - a wand of iceblast (8)
 y - a wand of polymorph (4)
Scrolls
 f - 2 scrolls of teleportation
 n - 3 scrolls of enchant armour
 o - 2 scrolls of identify
 u - a scroll of magic mapping
 v - a scroll of silence
 x - a scroll of poison
 B - a scroll of enchant weapon
Potions
 c - a potion of brilliance
 d - 4 potions of might
 l - 2 potions of flight
 t - a potion of invisibility
 w - 2 potions of haste
 z - a potion of mutation


   Skills:
 + Level 6.0 Fighting
 + Level 8.3 Axes
 + Level 6.7 Armour
 + Level 8.0 Shields
 * Level 0.9 Translocations
 * Level 2.4 Invocations
 * Level 5.3 Evocations


You had 8 spell levels left.
You knew the following spells:

 Your Spells              Type           Power      Damage    Failure   Level
a - Apportation           Tloc           2%         N/A       100%        1

Your spell library contained the following spells:

 Spells                   Type           Power      Damage    Failure   Level
 Necrotise                Necr           0%         1d4       100%        1
 Summon Small Mammal      Summ           Unusable   N/A       N/A         1

Dungeon Overview and Level Annotations

Branches:
Dungeon (7/15)             Temple (1/1) D:7

Altars:
Dithmenos
Fedhas
Gozag
Hepliaklqana
Kikubaaqudgha
Makhleb
Nemelex Xobeh
Okawaru
Qazlal
Ru
Sif Muna
Trog
Uskayaw
Vehumet
Wu Jian
Xom
Yredelemnul
Zin
The Shining One

Shops:
D:5 ?


Innate Abilities, Weirdness & Mutations

You are immune to sickness and miasma.
Your stone body is resilient. (AC +7)
You are immune to poison.
You resist negative energy. (rN+)
You are resistant to electric shocks. (rElec)
You are resistant to unholy torment.
You are immune to petrification.


Message History

You barely miss the two-headed ogre. You block the two-headed ogre's attack.
The two-headed ogre hits you with a +0 giant spiked club.
You slash the two-headed ogre!
The two-headed ogre is moderately wounded.
The two-headed ogre hits you with a +0 giant club!
You block the two-headed ogre's attack.
You slash the two-headed ogre!
You feel better.
The two-headed ogre is heavily wounded.
The two-headed ogre barely misses you. You block the two-headed ogre's attack.
You closely miss the two-headed ogre.
The two-headed ogre is moderately wounded.
The two-headed ogre hits you with a +0 giant club!
The two-headed ogre hits you but does no damage.
You hit the two-headed ogre.
You feel better.
The two-headed ogre is heavily wounded.
You block the two-headed ogre's attack. x2
You barely miss the two-headed ogre.
The two-headed ogre is heavily wounded.
The two-headed ogre hits you with a +0 giant club!
The two-headed ogre hits you with a +0 giant spiked club!
* * * LOW HITPOINT WARNING * * *
You hit the two-headed ogre.
The two-headed ogre is heavily wounded.
The two-headed ogre hits you but does no damage.
The two-headed ogre hits you with a +0 giant spiked club!
* * * LOW HITPOINT WARNING * * *
You hit the two-headed ogre.
You feel better.
The two-headed ogre is severely wounded.
The two-headed ogre hits you but does no damage.
You block the two-headed ogre's attack.
You hit the two-headed ogre but do no damage.
The two-headed ogre is severely wounded.
You hit the two-headed ogre.
The two-headed ogre is severely wounded.
The two-headed ogre barely misses you. You block the two-headed ogre's attack.
You slash the two-headed ogre!
The two-headed ogre is almost dead.
You block the two-headed ogre's attack.
The two-headed ogre hits you with a +0 giant spiked club!!
You die...

#..# #.O# #..#
#..# #..# #..##
#...##
##...#########.
#...O@........
#####.........
##########


You could see a two-headed ogre.

Vanquished Creatures
  A two-headed ogre (D:4)
  Sigmund (D:6)
  A yak (Temple)
  Menkaure (D:4)
  A water moccasin (D:6)
  4 orc warriors
  A black bear (D:5)
  2 ogres
  A wolf (D:7)
  A centaur (D:7)
  2 phantoms
  A kobold brigand (D:7)
  A bullfrog (D:7)
  2 gnoll sergeants (D:7)
  A necrophage (D:7)
  3 scorpions
  9 wights (D:7)
  2 howler monkeys
  8 hounds
  2 gnoll boudas (D:7)
  5 orc priests
  4 jellies
  Crazy Yiuf (D:4)
  5 iguanas
  4 orc wizards
  15 gnolls
  11 adders
  2 shadow imps
  2 white imps (D:7)
  A worm (D:2)
  4 dart slugs
  18 orcs
  A bat (D:2)
  5 endoplasms
  3 giant cockroaches
  11 goblins
  7 hobgoblins
  4 quokkas
  5 ball pythons
  A frilled lizard (D:2)
  14 kobolds
  8 rats
176 creatures vanquished.

Notes
Turn   | Place    | Note
-------+----------+-------------------------------------------
     0 | D:1      | bande the Gargoyle Fighter began the quest for the Orb.
     0 | D:1      | Reached XP level 1. HP: 14/14 MP: 1/1
   140 | D:1      | Reached XP level 2. HP: 17/19 MP: 2/2
   883 | D:2      | Reached XP level 3. HP: 23/23 MP: 3/3
  1211 | D:2      | Reached XP level 4. HP: 19/28 MP: 4/4
  1516 | D:2      | Identified the +2 sling of Wrath {elec, rPois rC- Str+2
                  | Dex+4}
  1741 | D:2      | Identified the +1 pair of gloves of Objectivity {rCorr}
  1821 | D:3      | Reached XP level 5. HP: 33/33 MP: 5/5
  1834 | D:3      | Found a faded altar of an unknown god.
  3022 | D:4      | Found a radiant altar of Vehumet.
  3022 | D:4      | Found an opulent altar of Gozag.
  3022 | D:4      | Found a hazy altar of Hepliaklqana.
  3055 | D:4      | Reached skill level 1 in Evocations
  3055 | D:4      | Reached XP level 6. HP: 26/38 MP: 6/6
  3386 | D:4      | Found a glowing golden altar of the Shining One.
  3427 | D:4      | Noticed Menkaure
  3437 | D:4      | Killed Menkaure
  3478 | D:4      | Reached XP level 7. HP: 38/43 MP: 7/7
  3517 | D:4      | Found a runed translucent door.
  3518 | D:4      | Noticed Crazy Yiuf
  3622 | D:4      | Killed Crazy Yiuf
  3814 | D:5      | Entered Level 5 of the Dungeon
  4023 | D:4      | Reached skill level 5 in Shields
  4219 | D:4      | Reached skill level 5 in Axes
  4219 | D:4      | Reached skill level 5 in Armour
  4506 | D:5      | Noticed a two-headed ogre
  4756 | D:4      | Killed a two-headed ogre
  4757 | D:4      | Reached XP level 8. HP: 34/48 MP: 8/8
  4931 | D:5      | Reached skill level 5 in Fighting
  5222 | D:5      | Reached XP level 9. HP: 54/54 MP: 9/9
  5552 | D:5      | Found Deapn's Magic Scroll Shop.
  6819 | D:6      | Found a shimmering blue altar of Sif Muna.
  6821 | D:6      | Found a shimmering altar of Xom.
  7093 | D:6      | Noticed Sigmund
  7116 | D:6      | Killed Sigmund
  7737 | D:7      | Found a staircase to the Ecumenical Temple.
  7777 | Temple   | Entered the Ecumenical Temple
  7875 | Temple   | Became a worshipper of Warmaster Okawaru
  7955 | D:7      | Reached skill level 1 in Invocations
  7955 | D:7      | Reached skill level 5 in Evocations
  7966 | D:7      | Reached XP level 10. HP: 57/60 MP: 10/10
  8111 | D:7      | Reached * piety under Okawaru
  8124 | D:7      | Learned a level 1 spell: Apportation
  8610 | D:7      | Identified the +6 battleaxe of Neafaos {vamp, Will- Str+5
                  | SInv}
  8885 | D:7      | Noticed a manticore
  8885 | D:7      | Noticed a two-headed ogre
  9038 | D:7      | Mangled by a two-headed ogre

Illustrated notes

Levels and vault maps discovered:
D:1:      pf_arrival_petrified_forest, layout_basic, serial_rivers,
          chequers_serial_rivers_room_b, chequers_serial_rivers_room_a,
          chequers_serial_rivers_micro_b, chequers_serial_rivers_small_b,
          chequers_serial_rivers_micro_d
D:2:      layout_loops_ring, guppyfry_early_orc_mine
D:3:      layout_basic, hellmonk_ecumenical_altar_run_dry
D:4:      layout_rooms, nicolae_tso_swordbearing_angel,
          gammafunk_temple_overflow_claw, kennysheep_generic_room_9,
          uniq_crazy_yiuf_cottage, uniq_menkaure
D:5:      cheibrodos_fzero, layout_gridville, serial_shops,
          nicolae_stop_n_shop_2
D:6:      layout_loops_corners, minitemple, uniq_sigmund
D:7:      minmay_the_grid_octo_triangle [minmay_the_grid_octo_focus,
          minmay_the_grid_octo_prize_ultimate_mussel_roller,
          minmay_the_grid_octo_empty], layout_cave_pools,
          gammafunk_temple_overflow_statue, minmay_temple_entry_trees,
          serial_gnoll_camp, gnoll_camp_medium_01, gnoll_camp_medium_02,
          gnoll_camp_mini_hut, gnoll_camp_huts_basic, minmay_manual_mail,
          uniq_joseph
Temple:   hellmonk_temple_forest_ring

Skill      XL: |  1  2  3  4  5  6  7  8  9 10 |
---------------+-------------------------------+-----
Axes           | 2 3 4 5 6 7 8 |  8.3
Armour         | 4 5 6 |  6.7
Shields        | 4 6 7 8 |  8.0
Evocations     | 1 3 5 |  5.3
Fighting       | 4 5 6 |  6.0
Invocations    | 1 2 |  2.4
Translocations | |  0.9

Action                     |  1- 3 |  4- 6 |  7- 9 | 10-12 || total
---------------------------+-------+-------+-------+-------++-------
  Melee: War axe           |   107 |   155 |   331 |   148 ||   741
    Use: Scroll            |       |    11 |     6 |     3 ||    20
 Armour: Scale mail        |    48 |    83 |    68 |       ||   199
         Plate armour      |       |       |   179 |   194 ||   373
  Dodge: Dodged            |    42 |    35 |    68 |    37 ||   182
  Block: Buckler           |    12 |       |       |       ||    12
         Tower shield      |    45 |   110 |   382 |   207 ||   744

Table legend: (Time is in decaauts)
 A = Elapsed time spent in this place.
 B = Non-inter-level travel time spent in this place.
 C = Inter-level travel time spent in this place.
 D = Time resting spent in this place.
 E = Time spent auto-exploring this place.
 F = Levels seen in this place.
 G = Mean time per level.
                   A        B        C        D        E       F      G
               +--------+--------+--------+--------+--------+-----+--------+
         Total |   9462 |   9273 |    189 |   2860 |   4394 |   8 | 1182.8 |
       Dungeon |   9074 |   8909 |    165 |   2606 |   4319 |   7 | 1296.3 |
        Temple |    388 |    364 |     24 |    254 |     75 |   1 |  388.0 |
               +--------+--------+--------+--------+--------+-----+--------+

Top non-repeatable levels by time:
     D:4: 2315 daAuts
     D:6: 1859 daAuts
     D:3: 1192 daAuts
     D:7: 1124 daAuts
     D:1: 1066 daAuts
     D:2: 809 daAuts
     D:5: 706 daAuts
  Temple: 388 daAuts
